 Dungeon Crawl Stone Soup version 0.21-a0-71-g5e5ddd2 (webtiles) character file.

3219 xgamer67 the Cleaver (level 9, -1/75 HPs)
             Began as a Minotaur Berserker on June 19, 2017.
             Was an Elder of Trog.
             Slain by a yak (14 damage)
             ... on level 12 of the Dungeon.
             The game lasted 00:15:01 (2313 turns).

xgamer67 the Cleaver (Minotaur Berserker)           Turns: 2313, Time: 00:15:01

Health: -1/75      AC:  4    Str: 23    XL:     9   Next: 65%
Magic:  8/8        EV:  7    Int:  7    God:    Trog [****..]
Gold:   236        SH:  0    Dex: 12    Spells: 8/8 levels left

rFire    . . .     SeeInvis .   a - +0 broad axe (freeze)
rCold    . . .     Gourm    .   (no shield)
rNeg     . . .     Faith    .   t - +0 plate armour
rPois    .         Spirit   .   (helmet restricted)
rElec    .         Reflect  .   (no cloak)
rCorr    .         Harm     .   (no gloves)
MR       ++...                  (no boots)
Stlth    ..........             (no amulet)
HPRegen  1.22/turn              k - +3 ring of intelligence
MPRegen  0.11/turn              (no ring)

@: corroded, regenerating
A: retaliatory headbutt, horns 2
a: Berserk, Trog's Hand, Brothers in Arms, Burn Spellbooks, Renounce Religion


You were on level 12 of the Dungeon.
You worshipped Trog.
Trog was greatly pleased with you.
You were hungry.

You visited 1 branch of the dungeon, and saw 12 of its levels.
You also visited: Ossuary.

You collected 236 gold pieces.

Inventory:

Hand Weapons
 a - a +0 broad axe of freezing (weapon)
Armour
 t - a +0 plate armour (worn)
Jewellery
 k - a +3 ring of intelligence (left hand)
Wands
 p - a wand of acid (14/15)
 q - a wand of lightning (10/15)
Scrolls
 e - 3 scrolls of identify
 l - 2 scrolls of remove curse
 m - 2 scrolls of recharging
 o - 2 scrolls of teleportation
Potions
 b - 2 potions of berserk rage
 g - 2 potions of flight
 i - a potion of agility
 j - a potion of heal wounds
Comestibles
 c - 2 bread rations
 d - 4 meat rations


   Skills:
 + Level 6.1 Fighting
 * Level 14.4 Axes
 + Level 5.3 Armour
 - Level 2.1 Dodging


You had 8 spell levels left.
You didn't know any spells.

Dungeon Overview and Level Annotations

Branches:
Dungeon (12/15)            Temple (0/1) D:7
   Lair: D:8-11         Orc: D:9-12

Altars:
Qazlal
Zin

Shops:
D:8 =

Annotations:
D:12 Harold


Innate Abilities, Weirdness & Mutations

You reflexively headbutt those who attack you in melee.
You have a pair of horns on your head.


Message History

* * * LOW HITPOINT WARNING * * *
2 yaks come into view.
You barely miss the yak.
The yak bellows!
Your headbutt misses the yak.
The yak is almost dead.
The yak closely misses you.
A yak comes into view.
The yak bellows!
You hit the yak but do no damage. Your headbutt misses the yak.
The yak is almost dead.
The yak gores you.
* * * LOW HITPOINT WARNING * * *
You hit the yak. You freeze the yak.
The yak is almost dead.
The yak completely misses you.
You hit the yak but do no damage.
The yak is almost dead.
The yak gores you!
You die...

#.... #....
#.... # #.... .
###....
..%....##
........# #.#
#@# #Y# #Y#
#.######## ...
#YY....... ##.
##+###Y.......>
##
...............
#
...........[...
...............


You could see 5 yaks.

Vanquished Creatures
  An unseen horror (D:10)
  A centaur skeleton (D:10)
  A shadow (D:11)
  Menkaure (D:7)
  2 ice beasts (D:6)
  2 orc warriors
  2 phantoms
  2 ogres
  A centaur (D:6)
  A big kobold (D:7)
  3 elf zombies (Ossuary)
  2 bullfrogs
  A gnoll sergeant (D:10)
  2 scorpions
  A howler monkey (D:6)
  A crimson imp (D:6)
  A centaur zombie (Ossuary)
  2 quasits
  2 bullfrog skeletons
  2 orc priests
  3 human zombies (Ossuary)
  4 orc wizards
  A worker ant (D:7)
  2 big kobold zombies (Ossuary)
  A hound skeleton (D:10)
  3 mummies (Ossuary)
  5 gnolls
  4 adders
  6 adder zombies
  An adder skeleton (D:6)
  2 worms
  A dart slug (D:1)
  18 orcs
  2 bats
  4 giant cockroaches
  2 hobgoblins (D:2)
  7 jackals
  A frilled lizard (D:4)
  3 goblin zombies (Ossuary)
  6 hobgoblin zombies (Ossuary)
  A jackal skeleton (D:7)
  3 kobolds (D:7)
  2 kobold zombies (Ossuary)
  2 orc zombies (Ossuary)
  2 quokka zombies (Ossuary)
  3 rats (D:3)
  7 rat zombies (Ossuary)
127 creatures vanquished.

Notes
Turn   | Place    | Note
-------+----------+-------------------------------------------
     0 | D:1      | xgamer67 the Minotaur Berserker began the quest for the Orb.
     0 | D:1      | Reached XP level 1. HP: 19/19 MP: 0/0
    39 | D:1      | Reached skill level 4 in Axes
    57 | D:2      | Reached XP level 2. HP: 13/26 MP: 1/1
   126 | D:3      | Reached skill level 5 in Axes
   126 | D:3      | Reached XP level 3. HP: 23/31 MP: 2/2
   210 | D:4      | Noticed a scorpion
   216 | D:4      | Killed a scorpion
   216 | D:4      | Reached skill level 6 in Axes
   216 | D:4      | Reached XP level 4. HP: 28/39 MP: 3/3
   314 | D:4      | Found a glowing silver altar of Zin.
   522 | D:5      | Entered Level 5 of the Dungeon
   527 | D:6      | Noticed an orc warrior
   531 | D:6      | Reached ** piety under Trog
   538 | D:6      | Killed an orc warrior
   538 | D:6      | Reached skill level 7 in Axes
   538 | D:6      | Reached XP level 5. HP: 36/45 MP: 4/4
   599 | D:6      | Reached skill level 8 in Axes
   605 | D:6      | Reached XP level 6. HP: 7/51 MP: 5/5
   787 | D:6      | Reached skill level 9 in Axes
   890 | D:6      | Reached XP level 7. HP: 32/57 MP: 6/6
  1084 | D:6      | Reached skill level 10 in Axes
  1144 | D:7      | HP: 2/85 [orc/mace (3)]
  1158 | D:7      | Noticed Menkaure
  1187 | D:7      | Found a staircase to the Ecumenical Temple.
  1204 | D:7      | Reached skill level 11 in Axes
  1266 | D:7      | Reached XP level 8. HP: 30/64 MP: 7/7
  1279 | D:7      | Found a stormy altar of Qazlal.
  1330 | D:7      | Killed Menkaure
  1447 | D:7      | Reached skill level 12 in Axes
  1755 | D:8      | Found a sand-covered staircase.
  1758 | Ossuary  | Entered an ossuary
  1781 | Ossuary  | Reached *** piety under Trog
  1781 | Ossuary  | Reached skill level 13 in Axes
  1829 | Ossuary  | Identified a scroll of acquirement
  2008 | D:8      | Found Irghupt's Jewellery Emporium.
  2077 | D:9      | Reached XP level 9. HP: 57/71 MP: 8/8
  2129 | D:10     | Entered Level 10 of the Dungeon
  2143 | D:10     | Reached **** piety under Trog
  2157 | D:10     | Killed an unseen horror
  2157 | D:10     | Reached skill level 5 in Fighting
  2157 | D:10     | Reached skill level 14 in Axes
  2194 | D:10     | Reached skill level 5 in Armour
  2282 | D:12     | Noticed Harold
  2282 | D:12     | Noticed a green ugly thing
  2313 | D:12     | Slain by a yak

Vault maps used:
D:1:      dpeg_arrival_simpleton_a
D:2:      minmay_tromino_i4
D:4:      marbit_many_paths, eino_tiny_chamber
D:5:      okawaru_metal_pillars_1_2, first_bread, portal_sewer_entry_e,
          roderic_bipointed_swastika, doesnt_xom_only_xom, uniq_pikel
D:7:      lemuel_coloured_pillars_altar, grunt_qazlal_clouds, kennysheep_mini,
          minmay_temple_entry_from_below_a, uniq_menkaure
D:8:      nicolae_ossuary_entry_monument, serial_shops, shop, hangedman_ranch,
          kennysheep_generic_room_10
D:9:      lemuel_round_altar, hangedman_minor_gate_pass
D:10:     hangedman_cross_stitches, erik_lair_orcish_takeover
D:12:     minmay_bloctagon_deflated, uniq_harold, uniq_azrael
Ossuary:  minmay_ossuary_two_tombs

Skill      XL: |  1  2  3  4  5  6  7  8  9 |
---------------+----------------------------+-----
Axes           | 4 5 6 7 8 9 11 13 14 | 14.4
Fighting       | 4 6 |  6.1
Armour         | 3 5 |  5.3
Dodging        | |  2.1

Action                   |  1- 3 |  4- 6 |  7- 9 || total
-------------------------+-------+-------+-------++-------
Melee: Hand axe          |    29 |   102 |   109 ||   240
       Headbutt          |     5 |    18 |    48 ||    71
       Broad axe         |       |       |   111 ||   111
       War axe           |       |       |    31 ||    31
Invok: Berserk           |     3 |     3 |     6 ||    12
       Trog's Hand       |       |     3 |     4 ||     7
  Use: Scroll            |       |       |    15 ||    15
       Potion            |       |       |     1 ||     1
  Eat: Chunk             |       |     6 |     8 ||    14
       Royal jelly       |       |       |     2 ||     2
Armor: Ring mail         |     7 |    28 |    54 ||    89
       Plate armour      |       |       |    29 ||    29
Dodge: Dodged            |    13 |    39 |    84 ||   136
